 Dungeon Sprint DCSS version 0.30-a0-802-gb92711bcdf (webtiles) character file.

Game seed: 16339013642735243345

1400000 BigDaddyOpFi the Spry (level 14, -20/114 HPs)
             Began as a Djinni Warper on Feb 24, 2023.
             Was a Priest of Makhleb.
             Demolished by a bag of meat
             ... wielding a +9 war axe
              (37 damage)
             ... in the Dungeon (Sprint VIII: "Arena of Blood").
             The game lasted 00:00:35 (14 turns).

BigDaddyOpFi the Spry (Djinni Warper)                 Turns: 14, Time: 00:00:35

Health: -20/114    AC:  5    Str: 12    XL:     14   Next: 83%
Gold:   0          EV: 19    Int: 17    God:    Makhleb [***...] SH:  0 Dex: 14

rFire   + + .      SeeInvis .    h - +∞ Axe of Woe
rCold   x . .      Faith    .    (shield currently unavailable)
rNeg    . . .      Spirit   .    a - +0 leather armour
rPois   ∞          Reflect  .    (no helmet)
rElec   .          Harm     .    (no cloak)
rCorr   .          Rampage  .    (no gloves)
Will    +....      NoTele   +    (boots unavailable)
Stlth   ++++                     (no amulet)
HPRegen 0.39/turn                (no ring)
MPRegen 0.00/turn                (no ring)

@: flying
A: sickness immunity, fire resistance 2, cold vulnerability 1, float, innate
caster, HP casting, extra vitality 1
a: Renounce Religion, Minor Destruction, Lesser Servant of Makhleb


You were in the Dungeon.
You worshipped Makhleb.
Makhleb was most pleased with you.
You visited 1 branch

Inventory:

Hand Weapons
 h - the +∞ Axe of Woe (weapon)
   (You found it in the Dungeon)
Missiles
 c - 7 boomerangs of dispersal (quivered)
Armour
 a - a +0 leather armour (worn)
Scrolls
 b - 2 scrolls of blinking
Potions
 d - a potion of curing
 e - a potion of heal wounds
 f - a potion of haste
 g - a potion of berserk rage


   Skills:
 + Level 15.1 Fighting
 + Level 8.9 Axes
 + Level 12.8 Throwing
 + Level 14.8 Armour
 + Level 16.4 Dodging
 + Level 9.7 Stealth
 + Level 15.0 Unarmed Combat
 + Level 12.0 Spellcasting
 + Level 10.6 Invocations


You knew the following spells:

 Your Spells              Type           Power      Damage    Failure   Level
a - Blink                 Tloc           100%       N/A       1%          2
b - Lesser Beckoning      Tloc           100%       N/A       1%          2
c - Vhi's Electric Charg  Tloc/Air       100%       N/A       1%          3
d - Teleport Other        Tloc           50%        N/A       1%          3
e - Manifold Assault      Tloc           50%        N/A       1%          4
f - Foxfire               Conj/Fire      100%       2x1d9     1%          1
g - Passwall              Tmut/Erth      41%        N/A       1%          2
h - Ensorcelled Hibernat  Hex/Ice        100%       N/A       1%          2
i - Spider Form           Tmut/Pois      50%        N/A       1%          3
j - Animate Armour        Summ/Erth      100%       N/A       1%          4
k - Alistair's Intoxicat  Tmut/Pois      33%        N/A       1%          5
Your spell library was empty.

Dungeon Overview and Level Annotations

Branches:
Dungeon (1/1)

Altars:
Makhleb


Innate Abilities, Weirdness & Mutations

You are immune to sickness and miasma.
You are immune to poison.
Your flesh is very heat resistant. (rF++)
You are vulnerable to cold. (rC-)
You float through the air rather than walking.
You learn spells naturally, not from books.
Your magical power is your life essence.
You have superior vitality. (+4 MHP)


Message History

Your Invocations skill increases to level 9!
You have reached level 14!
The bag of meat shouts!
You slash the bag of meat!
You slaughter the bag of meat joyfully.
You kill the bag of meat!
Makhleb accepts your kill.
You slice the bag of meat!!
You slaughter the bag of meat joyfully.
You kill the bag of meat!
Makhleb accepts your kill.
You hear a shout! x6
The meat berserker rages.
You hear a shout! x6
The meat berserker rages.
Your Fighting skill increases to level 15!
Your Axes skill increases to level 8!
Your Armour skill increases to level 14!
Your Dodging skill increases to level 16!
Your Stealth skill increases to level 9!
Your Unarmed Combat skill increases to level 15!
Your Spellcasting skill increases to level 12!
Your Invocations skill increases to level 10!
Unknown command.
You slice the bag of meat!!
You fatally mangle the bag of meat.
You kill the bag of meat!
Makhleb accepts your kill.
You can now summon a lesser servant of Makhleb.
You slash the meat berserker!
You chop the meat berserker into pieces.
You kill the meat berserker!
Makhleb accepts your kill.
You hear a shout! x3
A meat berserker comes into view. It is wielding a +9 battleaxe.
You hear a shout! x4
The meat berserker hits you with a +9 battleaxe!!!!
Ouch! That really hurt!
* * * LOW HITPOINT WARNING * * *
The meat berserker rages.
You hear a shout! x2
The bag of meat hits you with a +9 war axe!!!
You die...

.###.. ...###..
......###........
o....._.........
#.....#......
#_.<._#......
#....)#......
......_.°.......
......###.O......
.###.....@)###...
#....oO)# ..
#.......#
..........
...........
........o...
........O.##.
#........#. ..


You could see 3 meat berserkers and 2 bags of meat.

Vanquished Creatures
  An ogre (D)
  8 orcs (D)
9 creatures vanquished.

Notes
Turn   | Place    | Note
-------+----------+-------------------------------------------
     0 | D        | Found the +∞ Axe of Woe
     0 | D        | BigDaddyOpFi the Djinni Warper began the quest for the Orb.
     0 | D        | BigDaddyOpFi set off with the following spells memorised:
                  | Blink, Lesser Beckoning, Vhi's Electric Charge, Teleport
                  | Other, Manifold Assault.
     0 | D        | Reached XP level 1. HP: 18/18 MP: 0/0
     0 | D        | Noticed a bag of meat
     2 | D        | Noticed a bag of meat
     3 | D        | Noticed a bag of meat
     4 | D        | Noticed a bag of meat
     5 | D        | Became a worshipper of Makhleb the Destroyer
     6 | D        | Killed a bag of meat
     6 | D        | Noticed a bag of meat
     7 | D        | Reached skill level 10 in Armour
     7 | D        | Reached skill level 12 in Dodging
     7 | D        | Reached XP level 2. HP: 37/37 MP: 0/0
     7 | D        | Reached XP level 3. HP: 42/42 MP: 0/0
     7 | D        | Learned a level 1 spell: Foxfire
     7 | D        | Reached XP level 4. HP: 49/49 MP: 0/0
     7 | D        | Reached XP level 5. HP: 53/53 MP: 0/0
     7 | D        | Learned a level 2 spell: Passwall
     7 | D        | Reached XP level 6. HP: 59/59 MP: 0/0
     7 | D        | Reached XP level 7. HP: 65/65 MP: 0/0
     7 | D        | Learned a level 2 spell: Ensorcelled Hibernation
     7 | D        | Reached XP level 8. HP: 71/71 MP: 0/0
     7 | D        | Reached XP level 9. HP: 76/76 MP: 0/0
     7 | D        | Learned a level 3 spell: Spider Form
     7 | D        | Reached XP level 10. HP: 82/82 MP: 0/0
     7 | D        | Reached XP level 11. HP: 87/87 MP: 0/0
     7 | D        | Learned a level 4 spell: Animate Armour
     9 | D        | Killed a bag of meat
     9 | D        | Reached * piety under Makhleb
     9 | D        | Noticed a bag of meat
     9 | D        | Noticed a bag of meat
    10 | D        | Reached skill level 10 in Throwing
    10 | D        | Reached skill level 13 in Dodging
    10 | D        | Reached XP level 12. HP: 94/95 MP: 0/0
    10 | D        | Killed a bag of meat
    10 | D        | Noticed a bag of meat
    10 | D        | Noticed a bag of meat
    11 | D        | Reached skill level 5 in Axes
    11 | D        | Reached skill level 14 in Dodging
    11 | D        | Reached skill level 10 in Spellcasting
    11 | D        | Reached XP level 13. HP: 102/103 MP: 0/0
    11 | D        | Learned a level 5 spell: Alistair's Intoxication
    11 | D        | Killed a bag of meat
    11 | D        | Noticed a meat berserker
    11 | D        | Noticed a bag of meat
    12 | D        | Noticed a bag of meat
    12 | D        | Noticed a meat berserker
    12 | D        | Killed a bag of meat
    12 | D        | Reached ** piety under Makhleb
    12 | D        | Noticed a meat berserker
    12 | D        | Noticed a bag of meat
    13 | D        | Reached skill level 15 in Dodging
    13 | D        | Reached XP level 14. HP: 112/112 MP: 0/0
    13 | D        | Killed a bag of meat
    13 | D        | Killed a bag of meat
    14 | D        | Reached skill level 15 in Fighting
    14 | D        | Reached skill level 16 in Dodging
    14 | D        | Reached skill level 15 in Unarmed Combat
    14 | D        | Reached skill level 10 in Invocations
    14 | D        | Killed a bag of meat
    14 | D        | Reached *** piety under Makhleb
    14 | D        | Killed a meat berserker
    14 | D        | Noticed a meat berserker
    14 | D        | Demolished by a bag of meat

Illustrated notes

Levels and vault maps discovered:
D:        meatsprint

Skill      XL: |  1  2  3  4  5  6  7  8  9 10 11 12 13 14 |
---------------+-------------------------------------------+-----
Fighting       | 11 12 13 14 15 | 15.1
Throwing       | 9 10 11 12 | 12.8
Armour         | 10 11 12 13 14 | 14.8
Dodging        | 12 13 14 15 16 | 16.4
Unarmed Combat | 11 12 13 14 15 | 15.0
Spellcasting   | 8 9 10 11 12 | 12.0
Axes           | 4 5 7 8 |  8.9
Stealth        | 4 6 8 9 |  9.7
Invocations    | 4 6 9 10 | 10.6

Action                     |  1- 3 |  4- 6 |  7- 9 | 10-12 | 13-15 || total
---------------------------+-------+-------+-------+-------+-------++-------
  Melee: Executioner's axe |     1 |       |       |     2 |     4 ||     7
   Cast: Ensorcelled Hiber |       |       |       |     1 |       ||     1
         Vhi's Electric Ch |       |       |       |       |     1 ||     1
  Dodge: Dodged            |       |       |       |       |     1 ||     1

Table legend: (Time is in decaauts)
 A = Elapsed time spent in this place.
 B = Non-inter-level travel time spent in this place.
 C = Inter-level travel time spent in this place.
 D = Time resting spent in this place.
 E = Time spent auto-exploring this place.
 F = Levels seen in this place.
 G = Mean time per level.
                   A        B        C        D        E       F      G
               +--------+--------+--------+--------+--------+-----+--------+
         Total |     17 |     17 |      0 |      0 |      0 |   1 |   17.0 |
       Dungeon |     17 |     17 |      0 |      0 |      0 |   1 |   17.0 |
               +--------+--------+--------+--------+--------+-----+--------+

Top non-repeatable levels by time:
       D: 17 daAuts
